Map: Orbital Shipyard

Players

SticklerMac

  • Race: Terran Terran
  • League: Bronze

Redkiller - Winner!

  • Race: Zerg Zerg
  • League: Grandmaster

VOD

Have the link to the VOD?

Description

Time

  • Played on: July 26, 2015, 5:27 p.m.
  • Length: 10:45
Show
View Real Time Build Order
Export as new Build Order

SticklerMac Terran 

Build Orders:  

Get SALT Encoding   

  12  0:01  SCV  
  13  0:13  SCV  
  14  0:25  SCV  
  15  0:29  Supply Depot  
  15  0:40  Supply Depot  
  15  0:47  Supply Depot  
  15  0:50  SCV  
  15  0:56  Barracks  
  16  1:03  SCV  
  17  1:17  SCV  
  18  1:21  Refinery  
  18  1:28  Barracks  
  18  1:32  SCV  
  19  1:47  Marine  
  19  1:51  Barracks  
  20  2:01  Orbital Command  
  20  2:15  Barracks Tech Lab  
  20  2:19  Barracks Reactor  
  20  2:22  Barracks  
  20  2:40  Marine  
  20  2:43  Marine  
  22  2:51  Stimpack  
  22  2:57  Marine  
  22  2:58  Marine x2  
  24  3:01  Marine  
  26  3:15  Marine x2  
  26  3:16  Marine  
  26  3:18  SCV, Refinery  
  30  3:30  SCV  
  30  3:31  Command Center  
  31  3:40  Barracks Reactor  
  31  3:41  Barracks Reactor  
  31  3:42  Marine x3  
  34  4:02  Marauder  
  36  4:08  Marine  
  37  4:12  Marine  
  38  4:21  Marine  
  39  4:42  Marine x2  
  39  4:43  SCV, Marauder  
  44  4:49  Marine  
  44  4:50  Marine x3  
  48  4:55  SCV  
  48  5:00  Marine  
  48  5:04  Marauder  
  49  5:07  SCV  
  35  5:25  Marine  
  35  5:26  Marauder  
  38  5:30  Marine x4  
  42  5:36  SCV x2  
  43  5:47  Marauder  
  45  5:55  Barracks  
  45  5:56  Supply Depot  
  45  6:09  Marauder  
  45  6:22  Marine x6  
  50  6:30  Marauder  
  52  6:36  Orbital Command  
  52  6:38  SCV  
  52  6:39  Marine  
  53  6:40  Marine x5  
  53  6:44  Supply Depot  
  59  6:50  SCV  
  59  6:51  Marauder  
  59  6:54  Barracks Tech Lab  
  62  6:57  Engineering Bay  
  62  7:01  Engineering Bay  
  62  7:05  SCV, Marine  
  64  7:09  Supply Depot  
  64  7:11  Marine x2  
  64  7:12  Marine x2  
  64  7:13  Marauder  
  70  7:23  SCV  
  67  7:30  Marine  
  67  7:34  Marauder  
  67  7:35  SCV  
  61  7:37  Terran Infantry Weapons Level 1  
  61  7:38  Terran Infantry Armor Level 1  
  61  7:56  Marine  
  61  7:57  Marine  
  54  7:59  Marine x2  
  54  8:05  Marauder  
  51  8:08  Marauder  
  51  8:09  Marine x2  
  52  8:14  Marine  
  52  8:15  Marine  
  52  8:16  Marine  
  54  8:38  Command Center  
  54  8:41  Barracks  
  54  8:42  Barracks  
  54  8:43  Barracks  
  54  8:44  Marine  
  54  8:46  Marauder  
  54  8:47  Supply Depot  
  53  8:48  Supply Depot  
  53  8:49  Marauder  
  53  8:50  Supply Depot  
  43  9:01  Marine x5  
  43  9:02  Marine  
  43  9:08  Marauder  
  43  9:10  Marauder  
  41  9:19  Marine  
  41  9:21  Marine  
  40  9:25  Marine  
  40  9:29  Marauder  
  35  9:32  Marauder  
  36  9:50  Marauder  
  38  9:53  Marauder  
  40  10:00  Barracks Reactor  
  40  10:12  Marauder  
  25  10:14  Marauder  
  25  10:17  Marine  
  25  10:18  Marine x6  
Show
View Real Time Build Order
Export as new Build Order

Redkiller Zerg - Winner!

Build Orders: Pool First 

Get SALT Encoding   

  12  0:02  Drone  
  13  0:23  Spawning Pool  
  13  0:26  Drone  
  13  0:30  Drone  
  14  0:39  Overlord  
  14  1:05  Hatchery  
  13  1:14  Queen  
  15  1:20  Drone  
  15  1:23  Drone  
  17  1:27  Drone  
  18  1:34  Drone  
  18  1:39  Extractor  
  18  1:42  Drone  
  19  1:55  Drone  
  20  2:09  Overlord  
  20  2:16  Hatchery  
  20  2:17  Drone x2  
  21  2:23  Drone  
  21  2:24  Drone  
  21  2:28  Drone  
  24  2:38  Queen  
  24  2:42  Drone  
  27  2:48  Drone x2  
  29  3:03  Drone x6  
  35  3:06  Drone  
  36  3:20  Overlord x2  
  36  3:21  Overlord  
  36  3:35  Roach Warren  
  35  3:44  Drone x4  
  35  3:45  Drone x3  
  35  3:47  Queen  
  44  3:59  Extractor  
  44  4:00  Drone x6  
  44  4:01  Drone  
  51  4:02  Drone  
  51  4:21  Extractor  
  51  4:22  Lair  
  50  4:25  Extractor  
  50  4:29  Roach x4  
  50  4:30  Overlord x3  
  57  4:33  Pneumatized Carapace  
  57  4:37  Extractor  
  56  4:49  Roach x4  
  56  4:50  Roach x3  
  70  5:02  Roach x3  
  58  5:25  Drone  
  58  5:26  Drone x7  
  58  5:27  Drone x2  
  68  5:33  Overlord  
  68  5:34  Overlord  
  68  5:42  Roach x3  
  74  5:51  Queen  
  76  5:58  Roach  
  76  5:59  Roach x6  
  84  6:25  Ravager x5  
  83  6:42  Roach x3  
  83  6:43  Overlord  
  83  6:44  Overlord x6  
  89  6:50  Glial Reconstitution  
  89  6:56  Hydralisk Den  
  89  7:00  Overseer  
  92  7:08  Roach x3  
  92  7:09  Roach x5  
  101  7:41  Roach x4  
  101  7:42  Roach x5  
  119  7:55  Lurker Den  
  89  8:13  Roach x5  
  89  8:14  Roach x3  
  89  8:16  Ravager x3  
  106  8:34  Hydralisk x2  
  106  8:35  Hydralisk x2  
  94  8:59  Hydralisk  
  94  9:00  Hydralisk x5  
  99  9:37  Lurker  
  99  9:38  Lurker x2  
  96  9:51  Zergling x6  
  96  9:52  Zergling x22  
  102  10:15  Hatchery  
Tags
 
Add a new tag
Caveats
  • Supply blocks, unpowered buildings, or Contaminate may cause inaccurate times.
  • Supply counts are checked every 10 seconds.